 Dungeon Crawl Stone Soup version 0.29-a0-993-g4a18f31a58 (webtiles) character file.

Game seed: 6802149413313183085

32 inmateoo the Trooper (level 3, -3/26 (29) HPs)
             Began as a Demonspawn Monk on Aug 2, 2022.
             Killed by divine providence
             ... invoked by an orc priest
              (14 damage)
             ... on level 2 of the Dungeon.
             The game lasted 00:01:27 (1443 turns).

inmateoo the Trooper (Demonspawn Monk)              Turns: 1443, Time: 00:01:27

HP:   -3/26 (29)    AC:  7    Str: 13    XL:     3   Next: 8%
MP:   3/3           EV: 10    Int: 11    God:
Gold: 57            SH:  0    Dex: 15    Spells: 2/2 levels left

rFire   . . .      SeeInvis .     - Unarmed
rCold   . . .      Faith    .   (no shield)
rNeg    . . .      Spirit   .   h - +0 scale mail
rPois   .          Reflect  .   (helmet restricted)
rElec   .          Harm     .   i - +0 cloak
rCorr   .          Rampage  .   (no gloves)
Will    .....                   (no boots)
Stlth   +.........              d - amulet of the acrobat
HPRegen 0.08/turn               (no ring)
MPRegen 0.16/turn               (no ring)

@: heavily drained
A: antennae 1, magic regeneration
a: no special abilities


You were on level 2 of the Dungeon.
You visited 1 branch of the dungeon, and saw 2 of its levels.

You collected 68 gold pieces.
You spent 11 gold pieces at shops.

Inventory:

Armour
 h - a +0 scale mail (worn)
 i - a +0 cloak (worn)
Jewellery
 d - an amulet of the acrobat (around neck)
Wands
 a - a wand of flame (9)
Scrolls
 e - a scroll of teleportation {unknown}
Potions
 b - a potion of ambrosia
 c - a potion of brilliance {unknown}
 f - a potion of lignification
 g - a potion of curing {unknown}


   Skills:
 + Level 3.2 Fighting
 + Level 0.8 Armour
 + Level 3.0 Dodging
 - Level 1.7 Stealth
 * Level 3.2 Unarmed Combat


You had 2 spell levels left.
You didn't know any spells.
Your spell library was empty.

Dungeon Overview and Level Annotations

Branches:
Dungeon (2/15)

Altars:
Fedhas

Shops:
D:1 !


Innate Abilities, Weirdness & Mutations

You have a pair of small antennae on your head.
You regenerate magic rapidly.


Message History

The orc priest shouts!
There is a stone staircase leading up here.
The orc hits you but does no damage.
You climb upwards.
There is a stone staircase leading down here.
You hit the orc.
You kill the orc!
Your Dodging skill increases to level 3!
No target in view!
No target in view!
You see here a +0 falchion.
There is a stone staircase leading down here.
You climb downwards.
There is a stone staircase leading up here.
The orc priest hits you but does no damage.
You hit the orc priest but do no damage.
The orc priest mumbles some strange prayers to Beogh against you.
Pain shoots through your body!
You closely miss the orc priest.
The orc priest hits you but does no damage.
You hit the orc priest.
The orc priest is moderately wounded.
The orc priest looks braver for a moment.
You hit the orc priest.
The orc priest is heavily wounded.
The orc priest mumbles some strange prayers to Beogh against you.
Pain shoots through your body!
You are too injured to fight recklessly!
You closely miss the orc priest.
The orc priest is heavily wounded.
The orc priest barely misses you.
You are too injured to fight recklessly!
You barely miss the orc priest.
The orc priest is heavily wounded.
You hit the orc priest but do no damage.
The orc priest is heavily wounded.
The orc priest mumbles some strange prayers to Beogh against you.
Beogh smites you!
Ouch! That really hurt!
You die...

.# ###........# #.# #.#
.# ##....######.####.# .#
##.................# .#
#...########.#######.. .#
#..## #.......... .# #..#
#.#######.# .# #..# ##.##
.# ###).########...#####
.# #.........<..@o......
.# #.#..######.#...#####
.###.#..# #.##.#######
.....#..# #....#.....#
######..#########.......#
#......... #.#.....#
#.########.#.#...>.# #.#
####.#.#.....# #.#
#.....#†....##


You could see an orc priest.

Vanquished Creatures
  A dart slug (D:1)
  3 orcs
  2 ball pythons
  3 endoplasms (D:1)
  2 giant cockroaches
  A goblin (D:1)
  4 hobgoblins
  2 kobolds (D:1)
  A bat (D:1)
  4 rats (D:1)
23 creatures vanquished.

Notes
Turn   | Place    | Note
-------+----------+-------------------------------------------
     0 | D:1      | inmateoo the Demonspawn Monk began the quest for the Orb.
     0 | D:1      | Reached XP level 1. HP: 18/18 MP: 1/1
   159 | D:1      | Gained mutation: You regenerate magic rapidly. [demonic
                  | ancestry]
   159 | D:1      | Reached XP level 2. HP: 4/24 MP: 2/2
   477 | D:1      | Found Suves's Distillery.
   492 | D:1      | Bought a potion of degeneration for 11 gold pieces
   979 | D:1      | Found a faded altar of an unknown god.
  1063 | D:2      | Found a blossoming altar of Fedhas.
  1202 | D:1      | Gained mutation: You have a pair of small antennae on your
                  | head. [demonic ancestry]
  1202 | D:1      | Reached XP level 3. HP: 10/26 MP: 3/3
  1443 | D:2      | Killed from afar by an orc priest

Illustrated notes

Levels and vault maps discovered:
D:1:      amcnicky_arrival_feature_with_door, layout_rooms, serial_shops,
          nicolae_shop_statue_plus, shapermc_ecumenical_altar_mp_vishouse
D:2:      layout_loops_ring, basic_altar, minmay_puff

Skill      XL: |  1  2  3 |
---------------+----------+-----
Unarmed Combat | 3 |  3.2
Dodging        | 3 |  3.0
Fighting       | |  3.2
Armour         | |  0.8
Stealth        | |  1.7

Action                   || total
-------------------------++-------
Melee: Unarmed           ||    97
       Punch             ||     1
  Use: Scroll            ||     3
 Stab: Sleeping          ||     1
Armor: Robe              ||     4
       Ring mail         ||     9
       Scale mail        ||     8
Dodge: Dodged            ||    45

Table legend: (Time is in decaauts)
 A = Elapsed time spent in this place.
 B = Non-inter-level travel time spent in this place.
 C = Inter-level travel time spent in this place.
 D = Time resting spent in this place.
 E = Time spent auto-exploring this place.
 F = Levels seen in this place.
 G = Mean time per level.
                   A        B        C        D        E       F      G
               +--------+--------+--------+--------+--------+-----+--------+
         Total |   1438 |   1418 |     20 |    658 |    442 |   2 |  719.0 |
       Dungeon |   1438 |   1418 |     20 |    658 |    442 |   2 |  719.0 |
               +--------+--------+--------+--------+--------+-----+--------+

Top non-repeatable levels by time:
     D:1: 1247 daAuts
     D:2: 190 daAuts
